AoeStats
← cisi1982

Arabia

506595430Analyzed
1v1 RM · 18d ago on Sep 14, 2026· 51m 47s· 2 players
Game mode
Random Map
Map size
Tiny (2 player)
Population
200
Speed
Normal
Resources
Standard
Victory
Conquest
Starting age
Dark Age
Ending age
Imperial Age
RankedLock teamsTeams togetherTeam positionsShared explorationLock speedFull tech treeHidden civsTurbo modeCheats
Victory
Defeat
🇰🇷 Huns · South Korea
923
+14
🇨🇿 Teutons · Czechia
885
-14
cisi1982
10:28 Feudal Age
8:43 Loom
14:49 Castle Age
14:08 Double-Bit Axe
31:13 Scale Barding Armor
31:59 Fletching
32:09 Padded Archer Armor
34:00 Bow Saw
33:32 Horse Collar
34:43 Bodkin Arrow
37:45 Leather Archer Armor
47:52 Imperial Age
Legendairy311
9:54 Feudal Age
9:35 Loom
10:23 Double-Bit Axe
23:32 Castle Age
21:38 Fletching
22:03 Horse Collar
22:36 Bloodlines
25:02 Bodkin Arrow
25:12 Husbandry
26:17 Wheelbarrow
26:26 Bow Saw
28:11 Padded Archer Armor
29:28 Leather Archer Armor
29:21 Gold Mining
29:24 Stone Mining
33:01 Ballistics
34:41 Thumb Ring
38:07 Gold Shaft Mining
40:31 Hand Cart
48:14 Imperial Age
50:03 Parthian Tactics
51:52 Chemistry
50:54 Bracer
Connection lost

Rejoining the realm…

Still unreachable

The connection could not be restored.

Session expired

The server has moved on; the page needs a fresh start.